 Dungeon Crawl Stone Soup version 0.30-a0-870-gc5d4c5acee (webtiles) character file.

Game seed: 11414814363664938745

428 Calibrex the Ruffian (level 6, -2/62 HPs)
             Began as a Troll Fighter on Mar 12, 2023.
             Slain by a river rat (4 damage)
             ... summoned by Eustachio
             ... on level 4 of the Dungeon.
             The game lasted 00:10:45 (3404 turns).

Calibrex the Ruffian (Troll Fighter)                Turns: 3404, Time: 00:10:50

Health: -2/62      AC:  7    Str: 25    XL:     6   Next: 65%
Magic:  5/5        EV:  8    Int:  6    God:
Gold:   219        SH:  8    Dex:  9    Spells: 5/5 levels left

rFire   + . .      SeeInvis .      - Unarmed
rCold   + . .      Faith    .    b - +0 kite shield
rNeg    . . .      Spirit   .    A - +0 steam dragon scales
rPois   .          Reflect  .    (helmet restricted)
rElec   .          Rampage  .    m - scarf {rC+ rF+}
rCorr   .                        (gloves unavailable)
Will    .....                    (boots unavailable)
Stlth   +                        (no amulet)
HPRegen 1.10/turn                (no ring)
MPRegen 0.09/turn                (no ring)

@: brilliant, flying
A: large, unfitting armour, claws 3, regeneration 1, shaggy fur 1, tough skin 1
a: no special abilities


You were on level 4 of the Dungeon.
You visited 1 branch of the dungeon, and saw 4 of its levels.

You collected 219 gold pieces.

Inventory:

Armour
 b - a +0 kite shield (worn)
 h - an orb of mayhem
 m - a scarf of resistance (worn)
 A - +0 steam dragon scales (worn)
Magical Staves
 n - a staff of earth
Jewellery
 r - an amulet of faith
 u - a ring of see invisible
 y - an amulet of magic regeneration
Wands
 z - a wand of flame (9)
Scrolls
 a - a scroll of fear {unknown}
 e - 5 scrolls of identify
 f - 3 scrolls of fog
 i - a scroll of blinking {unknown}
 j - 2 scrolls of amnesia {unknown}
 q - a scroll of enchant armour {unknown}
 s - a scroll of magic mapping {unknown}
 v - a scroll of teleportation {unknown}
 B - a scroll of noise {unknown}
Potions
 c - 4 potions of might
 d - 3 potions of brilliance
 g - a potion of cancellation {unknown}
 k - a potion of degeneration {unknown}
 l - a potion of heal wounds {unknown}
 o - a potion of flight
 p - a potion of invisibility {unknown}
 t - a potion of ambrosia {unknown}
 w - a potion of resistance {unknown}
 x - 2 potions of curing {unknown}


   Skills:
 + Level 3.7 Fighting
 - Level 2.4 Dodging
 + Level 4.1 Shields
 * Level 5.2 Unarmed Combat


You had 5 spell levels left.
You didn't know any spells.
Your spell library contained the following spells:

 Spells                   Type           Power      Damage    Failure   Level
 Sublimation of Blood     Necr           0%         N/A       86%         2
 Wereblood                Tmut           0%         N/A       86%         2
 Summon Hydra             Summ           0%         N/A       100%        7


Dungeon Overview and Level Annotations

Branches:
Dungeon (4/15)
 Temple: D:4-7

Altars:
Trog

Annotations:
D:4 Eustachio


Innate Abilities, Weirdness & Mutations

You are too large for most types of armour.
You have claws for hands.
Your natural rate of healing is unusually fast.
You are covered in fur. (AC +1)
You have tough skin. (AC +1)


Message History

Unknown command.
You block the bat's attack. You block Eustachio's attack.
The bat closely misses you.
The quokka bites you but does no damage.
You block the ufetubus's attack.
The ufetubus hits you but does no damage.
You scratch Eustachio.
Eustachio is moderately wounded.
The bat hits you but does no damage. You block the ufetubus's attack.
The ufetubus hits you.
* * * LOW HITPOINT WARNING * * *
You block Eustachio's attack.
The quokka bites you but does no damage.
You closely miss Eustachio.
Eustachio is moderately wounded.
The ufetubus barely misses you. The ufetubus hits you.
* * * LOW HITPOINT WARNING * * *
The quokka bites you but does no damage.
Eustachio casts a spell.
The river rat bites you.
* * * LOW HITPOINT WARNING * * *
The quokka bites you but does no damage.
You miss Eustachio.
Eustachio is moderately wounded.
The quokka disappears in a puff of smoke!
The bat disappears in a puff of smoke!
The bat barely misses you.
Eustachio casts a spell.
Eustachio blinks!
The river rat bites you.
* * * LOW HITPOINT WARNING * * *
The river rat bites you.
* * * LOW HITPOINT WARNING * * *
The bat completely misses you.
You barely miss Eustachio.
Eustachio is moderately wounded.
You block the bat's attack. Eustachio hits you with a +0 rapier.
* * * LOW HITPOINT WARNING * * *
You block the iron imp's attack.
The river rat bites you but does no damage.
The river rat bites you.
You die...

#...#+#.#####.# #...##########
......#.+...'.# ##.....##......
#...#####...### #..............
'...+.#.......# ##..............
#####.#+#...#'####...............
..#.....#...#...##b..............
..+.....##+####.#................
..#.....#..####r.@...............
#####.#'#......b@#...............
+...'.#...#####55r##.............
#...####### #.5..###...........
......# #.....###..........
#...#+# ###....####........
#...#.# #.....#####.....# ##'##.#
#......## ###.... #.....#
#.#.....## ##... #.#####
##.###....### ###.


You could see Eustachio, an iron imp (summoned), 2 river rats, a shadow imp
(summoned), an ufetubus (summoned) and 2 bats.

Vanquished Creatures
  A steam dragon (D:4)
  A howler monkey (D:4)
  2 hounds (D:4)
  Crazy Yiuf (D:3)
  An orc wizard (D:2)
  7 adders
  2 worms (D:2)
  3 dart slugs
  5 orcs
  10 ball pythons
  4 bats
  5 endoplasms
  5 giant cockroaches
  7 goblins
  4 hobgoblins
  2 quokkas
  3 frilled lizards
  A kobold (D:2)
  5 rats
69 creatures vanquished.

Notes
Turn   | Place    | Note
-------+----------+-------------------------------------------
     0 | D:1      | Calibrex the Troll Fighter began the quest for the Orb.
     0 | D:1      | Reached XP level 1. HP: 22/22 MP: 0/0
   235 | D:1      | Reached XP level 2. HP: 29/29 MP: 1/1
   814 | D:2      | Reached XP level 3. HP: 30/36 MP: 2/2
   830 | D:2      | Reached skill level 3 in Unarmed Combat
  1125 | D:2      | Reached XP level 4. HP: 41/44 MP: 3/3
  1135 | D:2      | Found the +1 Delatra's gloves {ID++}
  1433 | D:2      | Found a bloodstained altar of Trog.
  1948 | D:3      | Reached XP level 5. HP: 53/53 MP: 4/4
  1953 | D:3      | Reached skill level 4 in Unarmed Combat
  2107 | D:3      | Found a runed translucent door.
  2108 | D:3      | Noticed Crazy Yiuf
  2305 | D:3      | Killed Crazy Yiuf
  2692 | D:4      | Noticed a steam dragon
  2699 | D:4      | Killed a steam dragon
  2700 | D:4      | Reached skill level 5 in Unarmed Combat
  2700 | D:4      | Reached XP level 6. HP: 52/62 MP: 5/5
  3373 | D:4      | Noticed Eustachio
  3404 | D:4      | HP: 2/62 [Eustachio/+0 rapier (3)]
  3404 | D:4      | Slain by a river rat

Illustrated notes

Levels and vault maps discovered:
D:1:      spicycebolla_arrival_ecumenical, layout_loops_ring, minmay_nonomino_d4
D:2:      minmay_general_purpose_star, layout_rooms, basic_altar,
          grunt_decor_clamped, pf_guarded_unrand_delatra
D:3:      layout_loops_cross, st_stairs_3, uniq_crazy_yiuf_cottage
D:4:      nicolae_cairo_tiling_large, layout_cave_pods,
          hangedman_decor_diamond_cutter, grunt_ministairs_10,
          minmay_small_thing, uniq_eustachio

Skill      XL: |  1  2  3  4  5 |
---------------+----------------+-----
Shields        | 3 4 |  4.1
Unarmed Combat | 3 5 |  5.2
Fighting       | 3 |  3.7
Dodging        | |  2.4

Action                     |  1- 3 |  4- 6 || total
---------------------------+-------+-------++-------
  Melee: Unarmed           |    91 |   119 ||   210
    Use: Potion            |       |     2 ||     2
         Scroll            |       |     1 ||     1
 Armour: Robe              |    28 |    36 ||    64
         Steam dragon scal |       |    28 ||    28
  Dodge: Dodged            |    34 |    55 ||    89
  Block: Kite shield       |    30 |    60 ||    90

Table legend: (Time is in decaauts)
 A = Elapsed time spent in this place.
 B = Non-inter-level travel time spent in this place.
 C = Inter-level travel time spent in this place.
 D = Time resting spent in this place.
 E = Time spent auto-exploring this place.
 F = Levels seen in this place.
 G = Mean time per level.
                   A        B        C        D        E       F      G
               +--------+--------+--------+--------+--------+-----+--------+
         Total |   3403 |   3238 |    165 |      0 |   2662 |   4 |  850.8 |
       Dungeon |   3403 |   3238 |    165 |      0 |   2662 |   4 |  850.8 |
               +--------+--------+--------+--------+--------+-----+--------+

Top non-repeatable levels by time:
     D:4: 974 daAuts
     D:3: 850 daAuts
     D:1: 790 daAuts
     D:2: 788 daAuts
